 Dungeon Crawl Stone Soup version 0.25-a0-1002-gbcf8c60d55 (webtiles) character file.

Game seed: 5504018945304158352, levelgen mode: deterministic

119 Essalna the Gusty (level 5, -1/28 HPs)
             Began as a Tengu Air Elementalist on May 11, 2020.
             Slain by an orc wizard
             ... wielding a +0 dagger
              (2 damage)
             ... on level 3 of the Dungeon.
             The game lasted 00:04:27 (1945 turns).

Essalna the Gusty (Tengu Air Elementalist)          Turns: 1945, Time: 00:04:28

Health: -1/28      AC:  2    Str:  8    XL:     5   Next: 3%
Magic:  4/19       EV: 12    Int: 16    God:
Gold:   81         SH:  0    Dex: 15    Spells: 8/9 levels left

rFire    + + .     SeeInvis .   e - +0 short sword
rCold    + + .     Gourm    .   h - +0 buckler
rNeg     . . .     Faith    .   a - +0 robe
rPois    +         Spirit   .   (helmet restricted)
rElec    +         Reflect  .   m - scarf {rC+ rF+}
rCorr    +         Harm     .   (no gloves)
MR       .....                  (boots unavailable)
Stlth    +.........             (no amulet)
HPRegen  0.09/turn              b - ring of magical power
MPRegen  0.16/turn              k - ring of poison resistance

@: confused, resistant, very slightly contaminated
A: beak, talons 3, able to fly
a: Fly


You were on level 3 of the Dungeon.
You were not hungry.

You visited 1 branch of the dungeon, and saw 3 of its levels.

You collected 81 gold pieces.

Inventory:

Hand Weapons
 e - a +0 short sword (weapon)
Armour
 a - a +0 robe (worn)
 h - a +0 buckler (worn)
 m - a scarf of resistance (worn)
Jewellery
 b - a ring of magical power (left hand)
 k - a ring of poison resistance (right hand)
Scrolls
 d - 2 scrolls of remove curse {unknown}
 i - a scroll of teleportation {unknown}
 j - a scroll of immolation {unknown}
 n - a scroll of fear {unknown}
Potions
 g - a potion of ambrosia {unknown}
 l - a potion of magic {unknown}
 o - 2 potions of flight {unknown}
Comestibles
 c - 6 rations


   Skills:
 - Level 2.1 Dodging
 - Level 2.0 Stealth
 + Level 2.0 Shields
 + Level 2.8 Spellcasting
 + Level 3.2 Conjurations
 + Level 5.1 Air Magic


You had 8 spell levels left.
You knew the following spells:

 Your Spells              Type           Power        Failure   Level  Hunger
a - Shock                 Conj/Air       ###.         4%          1    #......

Your spell library contained the following spells:

 Spells                   Type           Power        Failure   Level  Hunger
 Swiftness                Chrm/Air       ##......     13%         2    ##.....
 Static Discharge         Conj/Air       ###.....     13%         3    ###....
 Airstrike                Air            ###.......   30%         4    #####..
 Lightning Bolt           Conj/Air       ###.......   77%         5    ######.


Dungeon Overview and Level Annotations

Branches:
Dungeon (3/15)

Altars:


Innate Abilities, Weirdness & Mutations

You have a beak for a mouth.
You have claws for feet.
You can fly continuously.


Message History

You hear some strange, mumbled words.
A puff of flame appears from out of thin air!
The puff of flame misses you.
A bat is nearby!
A bat is nearby!
A bat is nearby!
A bat is nearby!
A bat is nearby!
Something hits you.
* * * LOW HITPOINT WARNING * * *
The bat hits you but does no damage.
You hear some strange, mumbled words.
You are confused.
Something hits you!
* * * LOW HITPOINT WARNING * * *
You're too confused!
It was a potion of resistance.
You feel protected. The bat closely misses you. Something hits you.
You die...

#.# .....? #.. #..
.... ...# .. ..) #
#..# #.####### #)#
.##..###.#.....###)##
................)..#
#..#####.###.###.##
#..#<..b............
#.......@###.###.###
#..####.## #.# #.#
#..# #.# #.# #..
##.#####.# ### ### #
#........# #.
#..####..# #.#
#........#
#...#.#####...
#.#.#.### ##.#


You could see a bat.

Vanquished Creatures
  An orc wizard (D:3)
  Natasha (D:2)
  A gnoll (D:1)
  2 adders (D:2)
  A worm (D:2)
  2 leopard geckos (D:3)
  3 orcs (D:3)
  A giant cockroach (D:1)
  3 goblins
  3 hobgoblins (D:1)
  2 jackals (D:2)
  A ball python (D:1)
  3 bats
  4 frilled lizards
  3 kobolds
  4 rats
35 creatures vanquished.

Notes
Turn   | Place    | Note
-------+----------+-------------------------------------------
     0 | D:1      | Essalna the Tengu Air Elementalist began the quest for the
                  | Orb.
     0 | D:1      | Reached XP level 1. HP: 10/10 MP: 4/4
   283 | D:1      | Reached XP level 2. HP: 15/15 MP: 6/6
   802 | D:1      | Reached XP level 3. HP: 17/19 MP: 7/7
  1013 | D:2      | Reached skill level 1 in Shields
  1657 | D:2      | Noticed Natasha
  1664 | D:2      | Killed Natasha
  1664 | D:2      | Reached XP level 4. HP: 24/24 MP: 8/8
  1919 | D:3      | Reached skill level 5 in Air Magic
  1925 | D:3      | Gained mutation: You can fly continuously. [Tengu growth]
  1925 | D:3      | Reached XP level 5. HP: 17/28 MP: 6/10
  1943 | D:3      | HP: 1/28 [something (7)]
  1945 | D:3      | Slain by an orc wizard

Illustrated notes

Levels and vault maps discovered:
D:1:      dpeg_arrival_pits, layout_basic, minmay_misc_feat_pillars
D:2:      layout_loops_corners, kennysheep_generic_room_14, uniq_natasha
D:3:      layout_basic, first_ration

Skill      XL: |  1  2  3  4  5 |
---------------+----------------+-----
Conjurations   | 2 3 |  3.2
Shields        | 1 2 |  2.0
Air Magic      | 5 |  5.1
Dodging        | |  2.1
Stealth        | |  2.0
Spellcasting   | |  2.8

Action                   |  1- 3 |  4- 6 || total
-------------------------+-------+-------++-------
Melee: Unarmed           |     3 |       ||     3
       Short sword       |     1 |       ||     1
       Kick              |     1 |       ||     1
 Cast: Shock             |    59 |    20 ||    79
  Use: Potion            |       |     1 ||     1
  Eat: Chunk             |     3 |     1 ||     4
Armor: Robe              |     3 |     1 ||     4
Dodge: Dodged            |     6 |     3 ||     9
Block: Buckler           |     4 |     2 ||     6

Table legend:
 A = Non-vault XP
 B = Vault XP
 C = Vault XP percentage of total XP
 D = Non-vault monster count
 E = Vault monster count
 F = Vault count percentage of total count
                 A         B        C        D         E       F
            +---------+---------+-------+---------+---------+-------
      Total |     136 |      35 |  20.5 |      34 |       1 |   2.9
            +---------+---------+-------+---------+---------+-------
        D:1 |      36 |       0 |   0.0 |      17 |       0 |   0.0
        D:2 |      41 |      35 |  46.1 |       9 |       1 |  10.0
        D:3 |      59 |       0 |   0.0 |       8 |       0 |   0.0
            +---------+---------+-------+---------+---------+-------
